 Dungeon Crawl Stone Soup version 0.31-a0-1074-g0b22e4e0f1 (webtiles) character file.

Game seed: 18439264833031099589

13433 Dordric the Grappler (level 11, -6/89 HPs)
             Began as a Troll Shapeshifter on Dec 6, 2023.
             Was a Priest of Wu Jian.
             Mangled by a cyan ugly thing (12 damage)
             ... on level 11 of the Dungeon.
             The game lasted 00:19:31 (10936 turns).

Dordric the Grappler (Troll Shapeshifter)          Turns: 10936, Time: 00:19:31

Health: -6/89      AC:  5    Str: 32    XL:     11   Next: 75%
Magic:  14/14      EV:  9    Int:  5    God:    Wu Jian [***...]
Gold:   1071       SH:  0    Dex:  8    Spells: 13/15 levels left

rFire   . .          .
                       - Unarmed
rCold   + + .        (shield currently unavailable)
rNeg    + + .        K - +0 troll leather armour
rPois   .            (helmet restricted)
rElec   .            (no cloak)
rCorr   +            (gloves unavailable)
SInv    .            (boots unavailable)
Will    +....        (no amulet)
Stlth   +            v - ring of Benevolence {rC+ rN+ rCorr}
HPRegen 1.94/turn    G - ring of positive energy
MPRegen 0.14/turn

%: no passive effects
@: flux-form, glowing, serpent's lash
A: glow, contaminating, large, unfitting armour, claws 3, regeneration 1, shaggy
fur 1, tough skin 1, cold resistance 1, strong-willed 1, strong 1
a: Begin Untransformation, Renounce Religion, Wall Jump, Serpent's Lash


You were on level 11 of the Dungeon.
You worshipped Wu Jian.
Wu Jian was most pleased with you.
You were something dangerously unstable.
You visited 1 branch of the dungeon, and saw 12 of its levels.
You also visited: Sewer.

You collected 1071 gold pieces.

Inventory:

Missiles
 N - a throwing net
Armour
 a - +0 acid dragon scales
 u - a scarf of invisibility
 C - +1 steam dragon scales
 K - a +0 troll leather armour (worn)
Jewellery
 h - a ring of ice
 v - the ring of Benevolence (left claw) {rC+ rN+ rCorr}
   (You acquired it on level 5 of the Dungeon)

   [ring of protection from cold]

   rC+:       It protects you from cold.
   rN+:       It protects you from negative energy.
   rCorr:     It protects you from acid and corrosion.
 E - a ring of protection from cold
 G - a ring of positive energy (right claw)
Talismans
 c - a beast talisman
 d - a flux talisman (active)
Wands
 t - a wand of quicksilver (3)
 y - a wand of charming (17)
 J - a wand of roots (11)
Scrolls
 e - 9 scrolls of teleportation
 i - 2 scrolls of silence
 j - a scroll of blinking
 k - 2 scrolls of amnesia
 n - a scroll of noise
 r - 4 scrolls of revelation
 s - 6 scrolls of immolation
 w - a scroll of brand weapon
 B - 2 scrolls of fog
 F - 2 scrolls of butterflies
 H - a scroll of torment
 L - a scroll of enchant armour
 O - a scroll of vulnerability {unknown}
Potions
 b - 4 potions of lignification
 f - 3 potions of enlightenment
 g - 9 potions of curing
 l - 4 potions of haste
 m - 2 potions of berserk rage
 o - 4 potions of heal wounds
 p - 3 potions of brilliance
 q - 2 potions of mutation
 x - a potion of cancellation
 z - 2 potions of ambrosia
 A - a potion of might {unknown}
 D - a potion of attraction {unknown}
 M - a potion of resistance {unknown}
Miscellaneous
 I - a phantom mirror


   Skills:
 - Level 0.7 Fighting
 - Level 1.5 Dodging
 + Level 12.9 Unarmed Combat
 - Level 2.9 Spellcasting
 - Level 3.5 Transmutations
 + Level 12.0 Shapeshifting


You had 13 spell levels left.
You knew the following spells:

 Your Spells              Type           Power      Damage    Failure   Level
a - Wereblood             Tmut           4%         N/A       16%         2

Your spell library contained the following spells:

 Spells                   Type           Power      Damage    Failure   Level
 Passwall                 Tmut/Erth      1%         N/A       32%         2
 Sandblast                Erth           0%         2d4       41%         1
 Blink                    Tloc           0%         N/A       56%         2
 Lesser Beckoning         Tloc           0%         N/A       56%         2
 Momentum Strike          Conj/Tloc      0%         3d8       56%         2
 Sublimation of Blood     Necr           0%         N/A       56%         2
 Ozocubu's Armour         Ice            0%         N/A       80%         3
 Stone Arrow              Conj/Erth      0%         3d7       80%         3
 Animate Armour           Summ/Erth      0%         N/A       99%         4
 Brom's Barrelling Bould  Conj/Erth      0%         2d3       99%         4
 Cause Fear               Hex            0%         N/A       99%         4
 Summon Lightning Spire   Summ/Air       0%         N/A       99%         4
 Fireball                 Conj/Fire      0%         3d3       100%        5
 Lee's Rapid Deconstruct  Erth           0%         3d4*      100%        5
 Metabolic Englaciation   Hex/Ice        0%         N/A       100%        5
 Simulacrum               Ice/Necr       0%         N/A       100%        6
 Summon Hydra             Summ           0%         N/A       100%        7
 Dragon's Call            Summ           0%         N/A       100%        9


Dungeon Overview and Level Annotations

Branches:
Dungeon (12/15)            Temple (0/1) D:7            Lair (0/5) D:11
    Orc (0/2) D:11          Sewer (visited)

Altars:
Fedhas
Gozag
Hepliaklqana
Makhleb
Okawaru
Vehumet
Wu Jian
Yredelemnul

Shops:
D:3 :   D:5 [   D:9 !   D:11 [

Annotations:
D:5 2 transporters, Skryme's ghost, weakling TrDe
D:8 1 runed translucent door, tinescath's ghost, novice DEHW
D:10 2 runed translucent doors


Innate Abilities, Weirdness & Mutations

You are something dangerously unstable.
You glow with magical radiation, making you easy to see and hit.
Foes you strike become dangerously contaminated with magical radiation.
You are incapable of wielding weapons or throwing items.
You are too large for most types of armour.
You have claws for hands.
Your natural rate of healing is unusually fast.
You are covered in fur. (AC +1)
You have tough skin. (AC +1)
Your flesh is cold resistant. (rC+)
You are strong-willed. (Will+)
Your muscles are strong. (Str +4, Int/Dex -1)


Message History

You climb downwards.
The slime creature quivers.
The yak bellows!
The green ugly thing headbutts you.
A slime creature comes into view.
The yak completely misses you. The yak gores you! The yak closely misses you.
The green ugly thing misses you.
There is a stone staircase leading up, spattered with blood here.
The slime creature quivers.
The yak gores you! x2; The yak closely misses you.
The green ugly thing headbutts you!
You climb upwards.
There is a stone staircase leading down here.
Your muscles tense, ready for explosive movement...
You scratch the green ugly thing.
The green ugly thing begins to glow.
The green ugly thing is lightly wounded.
The yak closely misses you. The yak gores you!
The yak gores you but does no damage. The green ugly thing headbutts you!
You claw the green ugly thing!
The green ugly thing glows dangerously bright.
The green ugly thing is lightly wounded.
The yak closely misses you. The yak gores you but does no damage.
The yak gores you!
* * * LOW HITPOINT WARNING * * *
You mangle the green ugly thing!!
The green ugly thing shudders as magic cascades through it.
The green ugly thing basks in the mutagenic energy and changes!
The cyan ugly thing is heavily wounded.
The yak gores you!
* * * LOW HITPOINT WARNING * * *
The yak gores you.
* * * LOW HITPOINT WARNING * * *
The yak gores you!
* * * LOW HITPOINT WARNING * * *
You scratch the cyan ugly thing.
The cyan ugly thing begins to glow.
The cyan ugly thing is severely wounded.
The cyan ugly thing claws you.
* * * LOW HITPOINT WARNING * * *
The cyan ugly thing shocks you!
You die...

####.................##
###................##
##................#
###..........###...#
#............###...###
#............##......##
########......................
####............Yu.............P.
#.#............Yp.......P..P.....
.......##.......Y...#.)...PP.....
........###.........#....PP.....P
.........#........#............P.
.........................P.....PP
.......................PP....P>PP
........................PP....PP.
.....................P.PP..P.P.P.
........................P..PPP.PP


You could see a cyan ugly thing (contam) and 3 yaks.

Vanquished Creatures
  Lodul (D:10)
  Pikel (D:5)
  A manticore (D:11)
  A cyclops (D:10)
  Joseph (D:7)
  A gargoyle (D:11)
  An unseen horror (D:10)
  A kobold demonologist (D:10)
  Jeremiah (D:9)
  5 trolls
  Sigmund (D:5)
  18 yaks
  Eustachio (D:5)
  3 vampire mosquitoes
  3 steam dragons
  An acid dragon (D:10)
  2 water moccasins
  3 ice beasts
  2 orc warriors
  A hornet zombie (D:5)
  4 black bears
  11 ogres
  4 centaurs
  A phantom (D:4)
  3 lemures (D:5)
  6 kobold brigands
  2 bullfrogs
  4 scorpions
  2 gnoll sergeants (D:11)
  A water moccasin zombie (D:5)
  12 wights
  9 killer bees (D:8)
  4 howler monkeys
  4 hounds
  2 jellies
  3 sleepcaps
  8 iguanas
  5 orc wizards
  A scorpion zombie (D:5)
  15 gnolls
  6 adders
  A river rat (Sewer)
  2 shadow imps
  A white imp (D:4)
  2 ufetubi (D:6)
  2 adder zombies (D:5)
  3 worms
  19 orcs
  14 endoplasms
  12 giant cockroaches
  3 goblins
  4 hobgoblins
  5 jackals (D:5)
  5 quokkas
  6 ball pythons
  8 bats
  5 frilled lizards
  25 kobolds
  7 rats
280 creatures vanquished.

Notes
Turn   | Place    | Note
-------+----------+-------------------------------------------
     0 | D:1      | Dordric the Troll Shapeshifter began the quest for the Orb.
     0 | D:1      | Reached XP level 1. HP: 18/18 MP: 0/0
    64 | D:1      | Reached XP level 2. HP: 26/26 MP: 1/1
   640 | D:1      | Reached XP level 3. HP: 32/32 MP: 2/2
   988 | D:2      | Reached XP level 4. HP: 29/40 MP: 3/3
  1161 | D:2      | Learned a level 2 spell: Wereblood
  1577 | D:3      | Found a glowing drain.
  1592 | Sewer    | Entered a sewer
  1668 | Sewer    | Noticed a kobold brigand
  1668 | Sewer    | Noticed a kobold brigand
  1683 | Sewer    | Killed a kobold brigand
  1684 | Sewer    | Reached XP level 5. HP: 30/46 MP: 4/4
  1695 | Sewer    | Reached skill level 5 in Unarmed Combat
  1695 | Sewer    | Reached XP level 6. HP: 23/54 MP: 2/5
  1758 | Sewer    | Reached skill level 5 in Shapeshifting
  2030 | Sewer    | Gained mutation: Your muscles are strong. (Str +4, Int/Dex
                  | -1) [potion of mutation]
  2030 | Sewer    | Gained mutation: Your flesh is cold resistant. (rC+)
                  | [potion of mutation]
  2030 | Sewer    | Gained mutation: You are strong-willed. (Will+) [potion of
                  | mutation]
  2321 | D:3      | Found Loamuos's Book Shoppe.
  2343 | D:3      | Found an ornate altar of the Wu Jian Council.
  3142 | D:4      | Reached XP level 7. HP: 46/61 MP: 6/6
  3356 | D:3      | Became a worshipper of the Wu Jian Council
  3611 | D:4      | Found an iron altar of Okawaru.
  4025 | D:5      | Entered Level 5 of the Dungeon
  4112 | D:5      | Reached * piety under Wu Jian
  4219 | D:5      | Found a transporter.
  4226 | D:5      | Found a transporter.
  4228 | D:5      | Noticed Skryme's ghost (weakling TrDe)
  4240 | D:5      | Reached XP level 8. HP: 29/68 MP: 6/8
  4307 | D:5      | Noticed Pikel
  4313 | D:5      | Reached skill level 1 in Spellcasting
  4313 | D:5      | Reached skill level 1 in Transmutations
  4336 | D:5      | Killed Pikel
  4360 | D:5      | Found a basalt altar of Yredelemnul.
  4539 | D:5      | Noticed Eustachio
  4551 | D:5      | Killed Eustachio
  4594 | D:5      | Found Goreuv's Armour Emporium.
  4649 | D:5      | Found an opulent altar of Gozag.
  4665 | D:5      | Noticed Sigmund
  4670 | D:5      | Killed Sigmund
  4671 | D:5      | Reached XP level 9. HP: 75/75 MP: 12/12
  4817 | D:5      | Identified a scroll of acquirement
  4818 | D:5      | Acquired the ring of Benevolence {rC+ rN+ rCorr}
  5415 | D:6      | Found a blossoming altar of Fedhas.
  5745 | D:7      | Found a staircase to the Ecumenical Temple.
  5747 | D:7      | Reached ** piety under Wu Jian
  5897 | D:7      | Found a radiant altar of Vehumet.
  5985 | D:7      | Noticed Joseph
  5990 | D:7      | Killed Joseph
  6639 | D:8      | Reached XP level 10. HP: 83/83 MP: 11/13
  6741 | D:8      | Reached skill level 10 in Unarmed Combat
  6886 | D:8      | Found a hazy altar of Hepliaklqana.
  7095 | D:8      | Found a runed translucent door.
  7097 | D:8      | Noticed tinescath's ghost (novice DEHW)
  7099 | D:8      | Identified the +2 spear "Hydrabane" {holy, rElec rC- Str+2
                  | SInv}
  7206 | D:9      | Found Jeschyurph's Distillery.
  7272 | D:9      | Noticed Jeremiah
  7359 | D:9      | Killed Jeremiah
  7729 | D:9      | Reached *** piety under Wu Jian
  7742 | D:9      | Reached skill level 10 in Shapeshifting
  7869 | D:9      | Found a burning altar of Makhleb.
  8352 | D:10     | Entered Level 10 of the Dungeon
  8592 | D:10     | Reached XP level 11. HP: 66/89 MP: 12/14
  8780 | D:10     | Found a runed translucent door.
  8782 | D:10     | Noticed an ice dragon
  8783 | D:10     | Noticed a fire dragon
  8784 | D:10     | Noticed an ice dragon
  8785 | D:10     | Noticed a fire dragon
  8787 | D:10     | Found the +2 shield of Resistance {rF++ rC++ Will++}
  8790 | D:10     | Found a runed translucent door.
  8791 | D:10     | Noticed Lodul
  8834 | D:10     | Killed Lodul
 10001 | D:11     | Found a staircase to the Orcish Mines.
 10014 | D:11     | Found Asihoecs's Armour Shop.
 10106 | D:11     | Found a staircase to the Lair.
 10321 | D:11     | Reached **** piety under Wu Jian
 10719 | D:11     | Identified the +0 pair of boots of Ru's Favour {rF+ Dex+4}
 10915 | D:12     | Noticed a green ugly thing
 10936 | D:11     | Mangled by a cyan ugly thing

Illustrated notes

Levels and vault maps discovered:
D:1:      roderic_crossed_star, layout_basic
D:2:      layout_basic, dreamdust_princess_corridor, serial_bayou_crossing
D:3:      layout_basic, lemuel_crystal_altar, serial_shops, shop,
          gup_sewer_entry_bubbles
D:4:      layout_basic, okawaru_ov_weapons_minmay
D:5:      layout_loops_ring, nicolae_yredelemnul_corpse_copse,
          lemuel_doored_altar, serial_shops, nicolae_diamond_shop,
          gammafunk_ghost_arena, uniq_sigmund, uniq_eustachio, uniq_pikel
D:6:      layout_loops_cross, mainiacjoe_overflow_six_doors_small,
          nicolae_twisty_statue_hallways
D:7:      layout_gridville, nicolae_vehumet_radiance, minmay_temple_entry_trees,
          uniq_joseph
D:8:      layout_basic, nzn_hepliaklqana_mist_gate, ebering_ghost_funeral_grove
D:9:      layout_stronghold, lightli_temple_of_fire, serial_rivers,
          chequers_serial_rivers_micro_b, chequers_serial_rivers_micro_b,
          chequers_serial_rivers_room_a, chequers_serial_rivers_room_a,
          chequers_serial_rivers_large_b, chequers_serial_rivers_large_a,
          serial_shops, nicolae_shop_tiny_waterfront, uniq_jeremiah
D:10:     layout_basic, minmay_guarded_unrand_resistance, uniq_lodul
D:11:     layout_cave_pools, due_lair_maze_entry_diamond, orc_david_3,
          kennysheep_generic_room_3
D:12:     layout_big_octagon, uniq_psyche, uniq_azrael

Skill      XL: |  1  2  3  4  5  6  7  8  9 10 11 |
---------------+----------------------------------+-----
Unarmed Combat | 4 5 6 7 9 11 12 | 12.9
Shapeshifting  | 4 5 6 8 10 12 | 12.0
Spellcasting   | 2 |  2.9
Transmutations | 3 |  3.5
Fighting       | |  0.7
Dodging        | |  1.5

Action                     |  1- 3 |  4- 6 |  7- 9 | 10-12 || total
---------------------------+-------+-------+-------+-------++-------
  Melee: Unarmed           |    70 |   124 |   268 |   422 ||   884
         Punch             |     1 |     2 |     8 |       ||    11
   Cast: Wereblood         |       |     1 |     5 |     7 ||    13
 Invoke: Serpent's Lash    |       |       |       |     4 ||     4
Ability: Lunge             |       |       |    25 |    24 ||    49
         Whirlwind         |       |       |     6 |    27 ||    33
         Wall Jump         |       |       |       |     6 ||     6
    Use: Scroll            |       |     4 |     4 |    10 ||    18
         Potion            |       |     3 |       |     4 ||     7
   Stab: Sleeping          |       |     2 |       |       ||     2
 Armour: Animal skin       |    43 |    65 |    76 |       ||   184
         Steam dragon scal |       |       |    77 |   136 ||   213
         Troll leather arm |       |       |       |   235 ||   235
  Dodge: Dodged            |    28 |    53 |    84 |   177 ||   342
   Form: Flux              |       |       |     1 |       ||     1

Table legend: (Time is in decaauts)
 A = Elapsed time spent in this place.
 B = Non-inter-level travel time spent in this place.
 C = Inter-level travel time spent in this place.
 D = Time resting spent in this place.
 E = Time spent auto-exploring this place.
 F = Levels seen in this place.
 G = Mean time per level.
                   A        B        C        D        E       F      G
               +--------+--------+--------+--------+--------+-----+--------+
         Total |  10826 |  10160 |    666 |    739 |   7511 |  13 |  832.8 |
       Dungeon |  10162 |   9496 |    666 |    387 |   7328 |  12 |  846.8 |
         Sewer |    663 |    663 |      0 |    352 |    183 |   1 |  663.0 |
               +--------+--------+--------+--------+--------+-----+--------+

Top non-repeatable levels by time:
    D:10: 1896 daAuts
     D:9: 1142 daAuts
     D:5: 928 daAuts
     D:4: 926 daAuts
     D:3: 925 daAuts
     D:1: 794 daAuts
     D:7: 756 daAuts
     D:6: 737 daAuts
     D:2: 704 daAuts
     D:8: 696 daAuts
   Sewer: 663 daAuts
    D:11: 645 daAuts
    D:12: 7 daAuts
